 Dungeon Crawl Stone Soup version 0.25.1-1-g288607f5aa (webtiles) character file.

Game seed: 9653939804216117223

107 RUZZLEFAZAZZLE the Shield-Bearer (level 4, -1/41 HPs)
             Began as a Gnoll Fighter on July 19, 2020.
             Succumbed to kobold's curare-tipped dart
             ... on level 3 of the Dungeon.
             The game lasted 00:06:34 (2208 turns).

RUZZLEFAZAZZLE the Shield-Bearer (Gnoll Fighter)    Turns: 2208, Time: 00:06:35

Health: -1/41      AC: 11    Str: 17 (20) XL:     4   Next: 85%
Magic:  5/5        EV:  8    Int:  9 (10) God:
Gold:   126        SH: 10    Dex: 12 (14) Spells: 5/5 levels left

rFire    + . .     SeeInvis .   h - +2 short sword (protect)
rCold    . . .     Gourm    .   c - +0 kite shield
rNeg     . . .     Faith    .   b - +0 scale mail
rPois    .         Spirit   .   (helmet restricted)
rElec    .         Reflect  .   (no cloak)
rCorr    .         Harm     .   (no gloves)
MR       .....                  l - +2 pair of boots
Stlth    ..........             (no amulet)
HPRegen  0.13/turn              (no ring)
MPRegen  0.09/turn              (no ring)

@: lethally poisoned (-1 -> -14), slowed, very slow
A: distributed training, fangs 1, horns 1, fire resistance 1, strong nose
a: no special abilities


You were on level 3 of the Dungeon.
You were not hungry.

You visited 1 branch of the dungeon, and saw 3 of its levels.

You collected 126 gold pieces.

Inventory:

Hand Weapons
 a - a +1 trident
 h - a +2 short sword of protection (weapon)
 n - a +1 short sword of holy wrath
Armour
 b - a +0 scale mail (worn)
 c - a +0 kite shield (worn)
 l - a +2 pair of boots (worn)
 m - a +0 helmet
Magical Staves
 p - an uncursed staff of fire
Wands
 i - a wand of polymorph (6)
Scrolls
 e - a scroll of enchant weapon
 j - a scroll of identify
 k - 2 scrolls of remove curse
Potions
 d - a potion of might
Comestibles
 f - 6 rations
 g - a chunk of flesh


   Skills:
 + Level 6.6 Fighting
 + Level 1.2 Short Blades
 + Level 1.2 Long Blades
 + Level 1.2 Axes
 + Level 1.2 Maces & Flails
 + Level 4.7 Polearms
 + Level 1.2 Staves
 + Level 1.2 Slings
 + Level 1.2 Bows
 + Level 1.2 Crossbows
 + Level 1.2 Throwing
 + Level 6.6 Armour
 + Level 1.2 Dodging
 + Level 1.2 Stealth
 + Level 6.6 Shields
 + Level 1.2 Unarmed Combat
 + Level 1.2 Spellcasting
 + Level 1.0 Conjurations
 + Level 1.0 Hexes
 + Level 1.0 Charms
 + Level 1.0 Summonings
 + Level 1.0 Necromancy
 + Level 1.0 Translocations
 + Level 1.0 Transmutations
 + Level 1.0 Fire Magic
 + Level 1.0 Ice Magic
 + Level 1.0 Air Magic
 + Level 1.0 Earth Magic
 + Level 1.0 Poison Magic
 + Level 1.3 Invocations
 + Level 1.2 Evocations


You had 5 spell levels left.
You didn't know any spells.
Your spell library was empty.

Dungeon Overview and Level Annotations

Branches:
Dungeon (3/15)

Altars:

Annotations:
D:3 3 runed translucent doors, Jimbable's ghost, amateur MfGl


Innate Abilities, Weirdness & Mutations

Your experience applies equally to all skills.
You have very sharp teeth.
Your uncanny sense of smell can sniff out nearby items.
You have a pair of small horns on your head.
Your flesh is heat resistant. (rF+)


Message History

Some of the chunks of flesh in your inventory have rotted away.
Okay, then.
Okay, then.
There is a lethal amount of poison in your body!
There is a lethal amount of poison in your body!
There is a lethal amount of poison in your body!
* * * LOW HITPOINT WARNING * * *
You feel very sick.
You see here a curare-tipped dart.
* * * LOW HITPOINT WARNING * * *
You feel very sick.
* * * LOW HITPOINT WARNING * * *
You feel sick.
You see here a curare-tipped dart.
* * * LOW HITPOINT WARNING * * *
You feel sick.
* * * LOW HITPOINT WARNING * * *
You feel sick.
Found a scroll of identify.
You die...

### #######.####
?..........#####
#............ ##
#####....@..# #.
....<..(....# #.
..###.......# #.
..###..(....# ##
#..........(....#
##
#..#.######.#####
... ..#.# ##(##
#.. .... ##..(##
... #####.#
##..(..## ### #.#


There were no monsters in sight!

Vanquished Creatures
  3 adders
  2 worms
  4 dart slugs
  A leopard gecko (D:1)
  An orc (D:3)
  A ball python (D:2)
  9 bats
  2 giant cockroaches
  8 goblins
  3 hobgoblins
  4 jackals (D:3)
  9 kobolds
  3 quokkas
  5 frilled lizards
  7 rats
62 creatures vanquished.

Notes
Turn   | Place    | Note
-------+----------+-------------------------------------------
     0 | D:1      | RUZZLEFAZAZZLE the Gnoll Fighter began the quest for the
                  | Orb.
     0 | D:1      | Reached XP level 1. HP: 23/23 MP: 1/1
   150 | D:1      | Reached XP level 2. HP: 27/29 MP: 2/2
   471 | D:1      | Reached XP level 3. HP: 35/35 MP: 3/3
   851 | D:2      | Reached skill level 1 in Invocations
   856 | D:2      | Reached skill level 1 in Short Blades
   856 | D:2      | Reached skill level 1 in Long Blades
   856 | D:2      | Reached skill level 1 in Axes
   856 | D:2      | Reached skill level 1 in Maces & Flails
   856 | D:2      | Reached skill level 1 in Staves
   856 | D:2      | Reached skill level 1 in Slings
   856 | D:2      | Reached skill level 1 in Bows
   856 | D:2      | Reached skill level 1 in Crossbows
   856 | D:2      | Reached skill level 1 in Throwing
   856 | D:2      | Reached skill level 1 in Dodging
   856 | D:2      | Reached skill level 1 in Stealth
   856 | D:2      | Reached skill level 1 in Unarmed Combat
   856 | D:2      | Reached skill level 1 in Spellcasting
   856 | D:2      | Reached skill level 1 in Evocations
   859 | D:2      | Reached XP level 4. HP: 41/41 MP: 5/5
  1851 | D:3      | Noticed Jimbable's ghost (amateur MfGl)
  1852 | D:3      | Found a runed translucent gate.
  1852 | D:3      | Found a runed translucent gate.
  1852 | D:3      | Found a runed translucent gate.
  1936 | D:3      | Reached skill level 1 in Conjurations
  1936 | D:3      | Reached skill level 1 in Hexes
  1936 | D:3      | Reached skill level 1 in Charms
  1936 | D:3      | Reached skill level 1 in Summonings
  1936 | D:3      | Reached skill level 1 in Necromancy
  1936 | D:3      | Reached skill level 1 in Translocations
  1936 | D:3      | Reached skill level 1 in Transmutations
  1936 | D:3      | Reached skill level 1 in Fire Magic
  1936 | D:3      | Reached skill level 1 in Ice Magic
  1936 | D:3      | Reached skill level 1 in Air Magic
  1936 | D:3      | Reached skill level 1 in Earth Magic
  1936 | D:3      | Reached skill level 1 in Poison Magic
  2051 | D:3      | Gained mutation: Your flesh is heat resistant. (rF+)
                  | [potion of mutation]
  2051 | D:3      | Gained mutation: You have a pair of small horns on your
                  | head. [potion of mutation]
  2206 | D:3      | HP: 2/41 [poisoned by kobold (curare-tipped dart)]
  2208 | D:3      | Succumbed to kobold's curare-tipped dart

Illustrated notes

Levels and vault maps discovered:
D:1:      evilmike_arrival_home_sweet_home, layout_basic, minivault_5,
          minmay_misc_feat_nine_boxes, st_stairs_9
D:2:      layout_loops_ring
D:3:      layout_loops_corners, first_ration, gammafunk_ghost_split

Skill      XL: |  1  2  3  4 |
---------------+-------------+-----
Invocations    | 1 |  1.3
Short Blades   | 1 |  1.2
Long Blades    | 1 |  1.2
Axes           | 1 |  1.2
Maces & Flails | 1 |  1.2
Staves         | 1 |  1.2
Slings         | 1 |  1.2
Bows           | 1 |  1.2
Crossbows      | 1 |  1.2
Throwing       | 1 |  1.2
Dodging        | 1 |  1.2
Stealth        | 1 |  1.2
Unarmed Combat | 1 |  1.2
Spellcasting   | 1 |  1.2
Evocations     | 1 |  1.2
Conjurations   | 1 |  1.0
Hexes          | 1 |  1.0
Charms         | 1 |  1.0
Summonings     | 1 |  1.0
Necromancy     | 1 |  1.0
Translocations | 1 |  1.0
Transmutations | 1 |  1.0
Fire Magic     | 1 |  1.0
Ice Magic      | 1 |  1.0
Air Magic      | 1 |  1.0
Earth Magic    | 1 |  1.0
Poison Magic   | 1 |  1.0
Fighting       | |  6.6
Polearms       | |  4.7
Armour         | |  6.6
Shields        | |  6.6

Action                   |  1- 3 |  4- 6 || total
-------------------------+-------+-------++-------
Melee: Trident           |    92 |     2 ||    94
       Bite              |     6 |     4 ||    10
       Short sword       |       |    82 ||    82
  Use: Potion            |     3 |     3 ||     6
       Scroll            |     2 |     5 ||     7
  Eat: Chunk             |       |     4 ||     4
Armor: Scale mail        |    17 |    31 ||    48
Dodge: Dodged            |    30 |    31 ||    61
Block: Kite shield       |    43 |    58 ||   101
